 Dungeon Crawl Stone Soup version 0.18.1-6-gd335043 (webtiles) character file.

86814 Gingerlord the Corrupter of Planes (level 16, -3/129 HPs)
             Began as a Formicid Abyssal Knight on May 17, 2016.
             Was the Champion of Lugonu.
             Engulfed by a salamander stormcaller's flame (13 damage)
             ... on level 14 of the Dungeon.
             The game lasted 01:14:01 (32408 turns).

Gingerlord the Corrupter of Planes (FoAK)          Turns: 32408, Time: 01:14:02

Health: -3/129     AC: 18    Str: 23    XL:     16   Next: 35%
Magic:  27/27      EV: 16    Int: 15    God:    Lugonu [******]
Gold:   2176       SH: 18    Dex: 14    Spells: 0 memorised, 15 levels left

rFire  . . .     SeeInvis +     C - +1 great sword (elec)
rCold  . . .     Gourm    .     n - +2 chain mail {rPois}
rNeg   . . .     Faith    .     b - +0 large shield
rPois  +         Spirit   .     (helmet unavailable)
rElec  .         Dismiss  .     p - +0 cloak
rCorr  .         Reflect  .     (no gloves)
SustAt .         Harm     .     F - +1 pair of boots of the Old World {MR+ Str+2}
MR     ++...                    (no amulet)
Stlth  ..........               J - ring "Izanyff" {rPois Str+2 Stlth-}
                                y - +3 ring of evasion

@: studying Invocations, very resistant to hostile enchantments, extremely
unstealthy
A: permanent stasis, dig shafts and tunnels, four strong arms, antennae 3,
clever 1
a: Dig, Shaft Self, Depart the Abyss, Bend Space, Banish, Corrupt, Enter the
Abyss, Brand Weapon With Distortion, Renounce Religion


You were on level 14 of the Dungeon.
You worshipped Lugonu.
Lugonu was exalted by your worship.
You were hungry.

You visited 3 branches of the dungeon, and saw 25 of its levels.
You visited the Abyss 4 times.
You also visited: Labyrinth.

You collected 2477 gold pieces.
You spent 301 gold pieces at shops.

Inventory:

Hand Weapons
 f - the +5 long sword "Ijaps" {slice, -Tele rPois rN+++ MP-9}
   (You found it in a labyrinth)

   It inflicts extra damage upon your enemies.
   It protects you from poison.
   It renders you almost immune to negative energy.
   It affects your magic capacity (-9).
   It prevents most forms of teleportation.
 C - a +1 great sword of electrocution (weapon)
Armour
 b - a +0 large shield (worn)
 n - a +2 chain mail of poison resistance (worn)
 p - a +0 cloak (worn)
 F - the +1 pair of boots of the Old World (worn) {MR+ Str+2}
   (You found it on level 14 of the Dungeon)

   It affects your strength (+2).
   It affects your resistance to hostile enchantments.
 H - a +0 shield of cold resistance
Jewellery
 a - an uncursed ring of positive energy
 y - a +3 ring of evasion (left hand)
 I - an uncursed ring of protection from magic
 J - the ring "Izanyff" (right hand) {rPois Str+2 Stlth-}
   (You found it on level 8 of the Lair of Beasts)

   [ring of loudness]

   It affects your strength (+2).
   It protects you from poison.
   It makes you less stealthy.
Wands
 m - a wand of iceblast (9/15)
 w - a wand of acid (7/15)
 G - a wand of lightning (1/15)
 K - a wand of digging (10/24)
Scrolls
 i - 2 scrolls of enchant weapon
 j - 5 scrolls of fear
 k - a scroll of silence
 l - 3 scrolls of identify
 q - 9 scrolls of remove curse
 s - 3 scrolls of magic mapping
 x - 3 scrolls of fog
 z - a scroll of recharging
 D - a scroll of summoning
 Q - a scroll of enchant armour
Potions
 e - a potion of curing
 g - 6 potions of flight
 o - 3 potions of invisibility
 r - 6 potions of lignification
 u - a potion of heal wounds
 B - 4 potions of brilliance
 E - 3 potions of might
 L - a potion of cancellation
Books
 M - a manual of Invocations
Miscellaneous
 A - a lamp of fire
 O - a phial of floods
Comestibles
 c - 10 bread rations
 d - 11 meat rations
 v - 20 fruits
 N - 4 beef jerkies


   Skills:
 + Level 12.9 Fighting
 + Level 12.0 Long Blades
 + Level 12.9 Armour
 + Level 11.1 Dodging
 + Level 11.3 Shields
 + Level 15.2 Invocations


You had 15 spell levels left.
You didn't know any spells.

Dungeon Overview and Level Annotations

Branches:
Dungeon (15/15)            Temple (0/1) D:6            Lair (8/8) D:9
  Swamp (0/4) Lair:4        Snake (0/4) Lair:3        Slime (0/6) Lair:6
    Orc (2/2) D:9             Elf (0/3) Orc:2        Vaults (0/5) D:13
 Depths (0/5) D:15

Altars:
Cheibriados
Kikubaaqudgha
Qazlal
Trog
Vehumet
Xom
Yredelemnul
The Shining One
Beogh
Jiyva

Shops:
D:6 (   D:10 }   Orc:2 :}([

Annotations:
Lair:6 1 runed door, apoch's ghost, journeyman MiFi
Abyss:1 Sonja


Innate Abilities, Weirdness & Mutations

You are under a permanent stasis effect.
You can dig through walls and to a lower floor.
Your four strong arms can wield two-handed weapons with a shield.
You have a pair of large antennae on your head (SInv).
Your mind is acute. (Int +2)


Message History

You barely miss the fire vortex.
You are engulfed in roaring flames.
The salamander stormcaller heats up noticeably.
Unknown command.
You are engulfed in roaring flames.
The salamander stormcaller heats up noticeably.
You are engulfed in roaring flames.
You are feeling hungry.
The salamander wields a shortbow of flaming.
It bursts into flame!
The salamander shoots an arrow.
You block the arrow.
You extend your mandibles.
You dig through the rock wall.
You retract your mandibles.
You see here 3 large rocks.
The salamander stormcaller casts a spell at you.
A raging storm of fire appears!
The great blast of fire engulfs you!
* * * LOW HITPOINT WARNING * * *
You hear a shout! 9 fire vortices come into view.
You are engulfed in roaring flames.
You die...

.##.......#######.## #.#
##.......{{.### ##.## #.#
#.....{{{.....####N.#######.###
#.....{{##.......#............###
...vvN..§####N{v§§§v............#
.....N...# ###.§vv######...##...
..#....v.## ###§§## ##..####.
.##....#..# ##§vv### #..# ##
###...##..# #@v§§v.####..# ##.
##...####.## ##v§###....#..###..
##..## ##..####§§## ##...........
....# ##.....#...# ###...#....#
....###...#.....## #..####..#
....##...####...)#######..# #..#
....#...## #.............# #...
#......######.............#####..
##....####.......(..........###..


You could see a salamander stormcaller and 8 fire vortices.

Vanquished Creatures
  The ghost of zxpr0jk the Timeless, a journeyman MiGl of Cheibriados (D:14)
  4 dire elephants (Lair:8)
  A vault guard (D:13)
  An ettin (D:15)
  A minotaur (Lab)
  Erolcha (D:9)
  An anaconda (Lair:8)
  2 catoblepae
  3 centaur warriors
  A tengu warrior (D:15)
  A death yak (Lair:8)
  3 ogre magi
  3 orc high priests (Orc:2)
  5 skeletal warriors (D:12)
  A hill giant (D:12)
  3 deep elf magi
  5 orc knights (Orc:2)
  7 ugly things
  A cyclops (D:14)
  5 griffons
  4 orc sorcerers
  A manticore (D:12)
  Maurice (D:13)
  17 elephants
  6 black mambas
  3 centaur zombies
  3 centaur skeletons
  2 gargoyles
  3 kobold demonologists (D:13)
  9 spiny frogs
  4 rime drakes
  8 komodo dragons
  4 yaktaurs (D:15)
  An efreet (Abyss:1)
  A polar bear (Lair:5)
  9 trolls
  5 two-headed ogres
  A tengu conjurer (D:15)
  8 slime creatures
  9 blink frogs
  Sigmund (D:3)
  3 wraiths
  3 wyverns
  A water elemental (D:12)
  A shadow (D:11)
  A vampire (D:10)
  48 yaks
  11 vampire mosquitoes
  9 hippogriffs
  A basilisk (Lair:7)
  6 hungry ghosts
  2 nagas (Lair:3)
  2 mottled dragons
  3 swamp worms (Lair:4)
  2 wargs (Orc:2)
  2 soldier ants
  13 water moccasins
  8 porcupines
  4 ice beasts
  3 phantoms
  2 sky beasts
  22 orc warriors
  A wasp (D:15)
  An eye of draining (D:12)
  A necrophage (D:8)
  18 ogres
  9 wolves
  28 centaurs
  4 big kobolds
  16 crocodiles
  A wyvern zombie (D:12)
  17 giant frogs
  A wyvern skeleton (D:14)
  6 scorpions
  5 killer bees (D:11)
  9 electric eels
  5 howler monkeys
  7 crimson imps
  2 giant frog zombies
  3 quasits
  8 hounds
  3 jellies
  12 orc priests
  Crazy Yiuf (D:2)
  24 orc wizards
  3 giant frog skeletons
  14 iguanas
  Terence (D:2)
  11 worker ants
  A killer bee zombie (D:9)
  7 sheep
  A hound skeleton (D:4)
  A hound zombie (D:8)
  A worker ant zombie (D:6)
  10 gnolls
  A howler monkey skeleton (D:8)
  27 river rats
  16 adders
  A shadow imp (D:5)
  2 oozes
  An adder zombie (D:7)
  A worm (D:2)
  3 dart slugs
  4 giant geckos
  76 orcs
  4 ball pythons
  4 giant cockroaches
  5 goblins
  11 hobgoblins
  8 jackals
  4 quokkas
  7 bats
  3 giant newts
  17 kobolds
  A quokka skeleton (D:7)
  A quokka zombie (D:4)
  2 rats (D:1)
  A fungus (D:9)
  4 plants (Lair:8)
733 creatures vanquished.

Vanquished Creatures (collateral kills)
  A rime drake (Lair:6)
1 creature vanquished.

Vanquished Creatures (others)
  3 hydras
  A wraith (D:12)
  A bat (D:3)
  14 fungi
  17 plants
36 creatures vanquished.

Grand Total: 770 creatures vanquished

Notes
Turn   | Place    | Note
--------------------------------------------------------------
     0 | Abyss:1  | Gingerlord the Formicid Abyssal Knight began the quest for the Orb.
     0 | Abyss:1  | Reached XP level 1. HP: 18/18 MP: 2/2
     8 | D:1      | Escaped the Abyss
    57 | D:1      | Reached skill level 1 in Dodging
    80 | D:1      | Reached XP level 2. HP: 24/24 MP: 3/3
   236 | D:1      | Reached ** piety under Lugonu
   389 | D:1      | Reached XP level 3. HP: 29/29 MP: 4/4
  1127 | D:2      | Noticed Terence
  1150 | D:2      | Killed Terence
  1150 | D:2      | Reached XP level 4. HP: 11/37 MP: 4/6
  1475 | D:2      | Noticed Crazy Yiuf
  1488 | D:2      | Killed Crazy Yiuf
  1488 | D:2      | Reached skill level 3 in Invocations
  1488 | D:2      | Reached XP level 5. HP: 16/42 MP: 7/7
  1791 | D:2      | Found an ancient bone altar of Kikubaaqudgha.
  2371 | D:3      | Reached *** piety under Lugonu
  2470 | D:3      | Noticed Sigmund
  2499 | D:3      | Killed Sigmund
  2499 | D:3      | Reached XP level 6. HP: 32/49 MP: 8/8
  2699 | D:3      | Found a snail-covered altar of Cheibriados.
  2989 | D:4      | Noticed a hippogriff
  3002 | D:4      | Killed a hippogriff
  3002 | D:4      | Reached skill level 4 in Invocations
  3002 | D:4      | Reached XP level 7. HP: 28/55 MP: 8/10
  3585 | D:4      | Found a stormy altar of Qazlal.
  3586 | D:4      | Found a bloodstained altar of Trog.
  3586 | D:4      | Found a shimmering altar of Xom.
  3589 | D:4      | Found a glowing golden altar of the Shining One.
  3796 | D:5      | Entered Level 5 of the Dungeon
  3864 | D:5      | Reached skill level 5 in Fighting
  3864 | D:5      | Reached XP level 8. HP: 17/62 MP: 11/11
  4078 | D:5      | Reached skill level 5 in Invocations
  4245 | D:5      | Reached skill level 5 in Armour
  4538 | D:5      | Reached **** piety under Lugonu
  5039 | D:6      | Reached skill level 6 in Invocations
  5072 | D:6      | Reached skill level 5 in Long Blades
  5072 | D:6      | Reached XP level 9. HP: 69/69 MP: 13/13
  5327 | D:6      | Found a staircase to the Ecumenical Temple.
  5392 | D:6      | Found a radiant altar of Vehumet.
  5531 | D:6      | Found Uzusim's Antique Weapon Boutique.
  5538 | D:6      | Bought a glowing great sword for 130 gold pieces
  5994 | D:7      | Reached skill level 5 in Dodging
  6149 | D:7      | Reached skill level 7 in Invocations
  6280 | D:7      | Reached XP level 10. HP: 79/79 MP: 15/15
  6829 | D:7      | Reached skill level 1 in Shields
  6897 | D:8      | Reached ***** piety under Lugonu
  6948 | D:8      | Found a basalt altar of Yredelemnul.
  7551 | D:9      | Found a staircase to the Lair.
  7643 | D:9      | Noticed Erolcha
  7671 | D:9      | Killed Erolcha
  7671 | D:9      | Reached skill level 8 in Invocations
  7782 | D:9      | Found a staircase to the Orcish Mines.
  8177 | Lair:1   | Entered Level 1 of the Lair of Beasts
  8204 | D:9      | Reached skill level 5 in Shields
  8629 | Lair:1   | Reached XP level 11. HP: 66/86 MP: 11/17
  9827 | Lair:2   | Got a slimy glass ring
 10261 | Lair:3   | Identified the ring of Pyromania {Int+5 Stlth+} (You found it on level 2 of the Lair of Beasts)
 10265 | Lair:3   | Got a brightly glowing falchion
 10266 | Lair:3   | Identified the +6 falchion "Kaetom" {freeze, SInv} (You found it on level 3 of the Lair of Beasts)
 10440 | Lair:3   | Found a staircase to the Snake Pit.
 11438 | Lair:3   | Reached skill level 9 in Invocations
 11594 | Lair:4   | Noticed a five-headed hydra
 11596 | Lair:4   | Banished a five-headed hydra
 11614 | Lair:4   | Noticed an elephant
 11615 | Lair:4   | Noticed an elephant
 11617 | Lair:4   | Noticed an elephant
 11629 | Lair:4   | Killed an elephant
 11633 | Lair:4   | Killed an elephant
 11637 | Lair:4   | Noticed an elephant
 11643 | Lair:4   | Killed an elephant
 11651 | Lair:4   | Killed an elephant
 11912 | Lair:4   | Reached XP level 12. HP: 89/95 MP: 17/19
 12379 | Lair:4   | Found a staircase to the Swamp.
 12380 | Lair:4   | Noticed an eight-headed hydra
 12385 | Lair:4   | Banished an eight-headed hydra
 13247 | Lair:5   | Reached skill level 10 in Invocations
 14270 | Lair:6   | Noticed a seven-headed hydra
 14270 | Lair:6   | Noticed apoch's ghost (journeyman MiFi)
 14439 | Lair:6   | Found a labyrinth entrance.
 14452 | Lab      | Entered a labyrinth
 14689 | Lab      | Got a crystal long sword
 14690 | Lab      | Identified the +5 long sword "Ijaps" {slice, -Tele rPois rN+++ MP-9} (You found it in a labyrinth)
 15430 | Lab      | Noticed a minotaur
 15439 | Lab      | Killed a minotaur
 15460 | Lair:6   | Reached XP level 13. HP: 85/103 MP: 9/20
 15544 | Lair:6   | Reached skill level 10 in Fighting
 15962 | Lair:7   | Reached skill level 10 in Armour
 16413 | Lair:7   | Reached skill level 11 in Invocations
 16764 | Lair:7   | Reached ****** piety under Lugonu
 17429 | Lair:6   | Banished a seven-headed hydra
 17468 | Lair:6   | Found a runed door.
 17468 | Lair:6   | Found a viscous altar of Jiyva.
 17469 | Lair:6   | Found a staircase to the Slime Pits.
 17469 | Lair:6   | Noticed an acid blob
 17663 | Lair:8   | Entered Level 8 of the Lair of Beasts
 17715 | Lair:8   | Noticed a catoblepas
 17728 | Lair:8   | Killed a catoblepas
 18137 | Lair:8   | Reached skill level 10 in Long Blades
 18289 | Lair:8   | Reached XP level 14. HP: 81/111 MP: 17/22
 19181 | Lair:8   | Reached skill level 12 in Invocations
 19836 | Lair:8   | Noticed a dire elephant
 20107 | Lair:8   | Killed a dire elephant
 20409 | Lair:8   | Noticed a dire elephant
 20409 | Lair:8   | Noticed a dire elephant
 20441 | Lair:8   | Killed a dire elephant
 20444 | Lair:8   | Killed a dire elephant
 20679 | Lair:8   | Noticed a dire elephant
 20708 | Lair:8   | Got a scorched brass ring
 20710 | Lair:8   | Identified the ring "Izanyff" {rPois Str+2 Stlth-} (You found it on level 8 of the Lair of Beasts)
 20739 | Lair:8   | Killed a dire elephant
 20758 | Lair:8   | Noticed a dire elephant
 21307 | Orc:1    | Entered Level 1 of the Orcish Mines
 21506 | Orc:1    | Found a roughly hewn altar of Beogh.
 21932 | Orc:2    | Entered Level 2 of the Orcish Mines
 22223 | Orc:2    | Reached skill level 10 in Dodging
 22750 | Orc:2    | Found a staircase to the Elven Halls.
 22848 | Orc:2    | HP: 1/114 [orc knight/dire flail (19)]
 23001 | Abyss:1  | Noticed a tentacled starspawn
 23001 | Orc:2    | Escaped the Abyss
 23258 | Orc:2    | Reached skill level 13 in Invocations
 23713 | Orc:2    | Reached XP level 15. HP: 116/120 MP: 20/24
 23746 | Orc:2    | Found Norgh's Gadget Boutique.
 23746 | Orc:2    | Found Riesekurr's Book Shoppe.
 23750 | Orc:2    | Found Imider's Antique Armour Boutique.
 23750 | Orc:2    | Found Gerown's Antique Weapon Shoppe.
 23855 | Orc:2    | Bought a large shield for 171 gold pieces
 24078 | D:10     | Entered Level 10 of the Dungeon
 24620 | D:10     | Noticed Sonja
 24642 | D:10     | Cast into level 1 of the Abyss (Sonja)
 24723 | D:10     | Escaped the Abyss
 25153 | D:10     | Found Aqiutal's Gadget Shoppe.
 25330 | D:10     | Cast into level 1 of the Abyss (Sonja)
 25374 | D:10     | Escaped the Abyss
 25375 | D:10     | Banished Sonja
 26477 | D:12     | Found a glowing golden altar of the Shining One.
 26790 | D:12     | Reached skill level 10 in Shields
 27327 | D:12     | Reached skill level 14 in Invocations
 28873 | D:13     | Noticed Maurice
 28889 | D:13     | Killed Maurice
 29579 | D:13     | Found a gate to the Vaults.
 30106 | D:14     | Got a pair of shimmering boots
 30112 | D:14     | Reached XP level 16. HP: 127/129 MP: 26/26
 30127 | D:14     | Identified the +1 pair of boots of the Old World {MR+ Str+2} (You found it on level 14 of the Dungeon)
 30481 | D:14     | Noticed zxpr0jk's ghost (journeyman MiGl)
 30531 | D:14     | Killed zxpr0jk's ghost
 30591 | D:15     | Entered Level 15 of the Dungeon
 31001 | D:15     | Reached skill level 15 in Invocations
 31140 | D:15     | Gained mutation: Your mind is acute. (Int +2) [potion of beneficial mutation]
 31461 | D:15     | Found a staircase to the Depths.
 32408 | D:14     | Engulfed by a salamander stormcaller's flame

Skill      XL: |  1  2  3  4  5  6  7  8  9 10 11 12 13 14 15 16 |
---------------+-------------------------------------------------+-----
Dodging        | 1 2 3 4 5 6 7 8 9 10 11 | 11.1
Fighting       | 4 5 7 9 10 12 | 12.9
Armour         | 3 4 5 6 7 8 9 10 12 | 12.9
Invocations    | 3 4 6 7 8 9 10 11 13 14 15 | 15.2
Long Blades    | 3 4 5 6 7 8 10 11 12 | 12.0
Shields        | 5 7 9 11 | 11.3

Action                   |  1- 3 |  4- 6 |  7- 9 | 10-12 | 13-15 | 16-18 || total
-------------------------+-------+-------+-------+-------+-------+-------++-------
Melee: Falchion          |   118 |   181 |   109 |    68 |       |       ||   476
       Long sword        |       |       |   271 |    21 |   131 |       ||   423
       Great sword       |       |       |   122 |   672 |  1543 |   226 ||  2563
Invok: Banish            |       |       |       |     4 |     9 |       ||    13
       Bend Space        |       |       |       |     1 |     1 |     1 ||     3
       Depart the Abyss  |       |       |       |       |     3 |       ||     3
       Enter the Abyss   |       |       |       |       |     1 |       ||     1
 Abil: Dig               |       |       |       |     6 |    15 |     2 ||    23
  Use: Potion            |       |     5 |     3 |     2 |     8 |     2 ||    20
       Scroll            |       |     1 |     7 |     7 |    12 |     1 ||    28
 Stab: Invisible         |       |     7 |     2 |       |       |       ||     9
  Eat: Chunk             |     1 |     4 |     7 |    18 |    30 |     5 ||    65
       Beef jerky        |       |     1 |       |     2 |     4 |       ||     7
       Pizza             |       |       |     2 |     5 |     2 |       ||     9
       Fruit             |       |       |     4 |     2 |     4 |       ||    10
       Meat ration       |       |       |       |     3 |     1 |       ||     4
       Royal jelly       |       |       |       |       |     2 |     1 ||     3
       Bread ration      |       |       |       |       |     1 |       ||     1
Armor: Leather armour    |     9 |       |       |       |       |       ||     9
       Ring mail         |    14 |       |       |       |       |       ||    14
       Chain mail        |    32 |   157 |   366 |   336 |   394 |    57 ||  1342
       Plate armour      |       |       |       |       |   250 |       ||   250
Dodge: Dodged            |    55 |   107 |   281 |   532 |   832 |    80 ||  1887
Block: Shield            |       |       |       |   204 |   598 |     3 ||   805
       Large shield      |       |       |       |       |   756 |   165 ||   921
